Cogmind - Beta 13 *** ADVENTURER MODE // 2024.03.19 @ 02:51:10 Player: skye Result: Destroyed by H-77 Assassin with High-powered Shotgun Performance ------------- Evolutions (7) 3500 Regions Visited (24) 4800 Robots Destroyed (307) 1535 Value Destroyed (14432) 14432 Prototype IDs (29) 580 Alien Tech Used (0) 0 Bonus (4811) 4811 TOTAL SCORE: 29658 Bonus ------- Follower Combat Kills 797 Entered Garrisons 200 Entered DSFs 500 Met Data Miner 300 Met Imprinter 300 Was Imprinted 300 Scanned by Researcher 500 Acquired SGEMP 2000 Friendly Fire -86 Cogmind --------- Core Integrity 0/1300 Matter 18/300 Energy 70/100 System Corruption 30% Temperature Cool (0) Movement Core (150) Ox2 Location -3/Testing Parts ------- > --- POWER (3) -------- (None) > --- PROPULSION (5) --- (None) > --- UTILITY (8) ------ Advanced Visual Processing Unit Advanced Signal Interpreter Advanced Targeting Computer Experimental Targeting Computer Core Analyzer > --- WEAPON (5) ------- Plasma Rifle Plasma Lance > --- INVENTORY (5) ---- Reaction Control System Faulty Heavy Proton Missile Launcher SGEMP Prototype Peak State ------------ > --- POWER ------------ Light Antimatter Reactor Particle Reactor Micro Antimatter Reactor > --- PROPULSION ------- Flexi-carbon Leg Myomer Leg Myomer Leg Myomer Leg Myomer Leg > --- UTILITY ---------- Advanced Heat Sink Advanced Heat Sink Advanced Heat Sink Medium Storage Unit Advanced Sensor Array Advanced Signal Interpreter Improved Target Analyzer Core Analyzer > --- WEAPON ----------- Gamma Rifle Phase Gun Quantum Rifle Quantum Rifle Railgun > --- INVENTORY -------- Light Antimatter Reactor Flexi-carbon Leg Myomer Leg Centrium Wheel Centrium Wheel Advanced Targeting Computer Matter Filter Advanced Component Analysis Suite Matter Neutralizer Enhanced Force Lance [Rating: 135] Favorites ----------- Power Light Nuclear Core Engine Improved Deuterium Engine Power Core Light Nuclear Core Reactor Light Antimatter Reactor Propulsion Carbon-fiber Leg Leg Carbon-fiber Leg Wheel Compact Wheel Hover Unit Improved Antigrav System Utility Hacking Suite Device Advanced Heat Sink Storage Large Storage Unit Processor Advanced Targeting Computer Hackware Hacking Suite Protection Improved Medium Armor Plating Weapon Heavy Laser Energy Gun Heavy Laser Energy Cannon Heavy Phase Cannon Ballistic Gun Heavy Machine Gun Ballistic Cannon Magnetic Acceleration Cannon Launcher Improved Proton Missile Launcher Special Weapon Advanced Remote Datajack Slashing Weapon Makeshift Sword Piercing Weapon Plasma Lance Special Melee Weapon Improved Datajack Build | -11 -10 -9 -9 -8 -8 -8 -7 -7 -7 -6 -6 -6 -6 -6 -5 -5 -5 -5 -5 -5 -4 -4 -3 -3 ------- Run | Yrd Mat Mat Min Mat Gar Mat Fac Low Dat Pro Fac Low Low Zio Pro Fac Ext Cet Arc Hub Fac DSF Res Tes Slots Evolved 14 | . . 2 . 2 . . 2 . . . 2 . . . . 2 . . . . 2 . 2 . Power 2 | . . . . . . . 1 . . . . . . . . . . . . . 1 . . . Propulsion 3 | . . 1 . 1 . . . . . . . . . . . 1 . . . . . . . . Utility 6 | . . 1 . 1 . . . . . . 1 . . . . 1 . . . . 1 . 1 . Weapon 3 | . . . . . . . 1 . . . 1 . . . . . . . . . . . 1 . Parts Attached 339 | 6 6 14 . 9 8 10 18 . . 9 37 22 1 4 1 26 12 9 9 9 5 22 65 37 Power 65 | 1 . 2 . 1 2 1 4 . . 3 8 3 . . . 6 . 2 2 2 2 6 15 5 Engine 19 | 1 . 1 . . 1 . 3 . . 1 5 2 . . . 2 . . . 2 . 1 . . Core 23 | . . 1 . 1 1 1 1 . . 2 2 1 . . . 4 . 2 . . 1 4 2 . Reactor 23 | . . . . . . . . . . . 1 . . . . . . . 2 . 1 1 13 5 Propulsion 96 | 2 . 5 . 3 3 5 2 . . 1 10 11 . . . 5 3 4 1 4 . 8 18 11 Treads . | . . . . . . . . . . . . . . . . . . . . . . . . . Leg 85 | 2 . 5 . 3 3 5 2 . . 1 10 8 . . . 5 3 4 1 4 . 8 18 3 Wheel 3 | . . . . . . . . . . . . 3 . . . . . . . . . . . . Hover 8 | . . . . . . . . . . . . . . . . . . . . . . . . 8 Flight . | . . . . . . . . . . . . . . . . . . . . . . . . . Utility 82 | 1 6 3 . 4 2 2 4 . . 3 8 1 1 1 1 9 5 2 1 2 1 3 13 9 Device 43 | . . 1 . 3 1 1 3 . . 3 5 . . . . 4 2 2 1 2 . 1 9 5 Storage 11 | 1 3 2 . . . 1 . . . . . . 1 . . 1 . . . . 1 1 . . Processor 10 | . . . . 1 1 . . . . . 1 . . . . . 1 . . . . . 3 3 Hackware 6 | . . . . . . . 1 . . . 2 . . . . 1 . . . . . 1 1 . Protection 12 | . 3 . . . . . . . . . . 1 . 1 1 3 2 . . . . . . 1 Artifact . | . . . . . . . . . . . . . . . . . . . . . . . . . Weapon 96 | 2 . 4 . 1 1 2 8 . . 2 11 7 . 3 . 6 4 1 5 1 2 5 19 12 Energy Gun 38 | 1 . 2 . 1 1 2 2 . . 1 4 2 . 1 . 3 2 1 2 1 2 . 8 2 Energy Cannon 12 | . . . . . . . 2 . . . 3 . . . . 2 1 . . . . . 3 1 Ballistic Gun 29 | 1 . 2 . . . . 3 . . 1 3 . . 1 . 1 1 . 3 . . 2 7 4 Ballistic Cannon 5 | . . . . . . . 1 . . . . 1 . . . . . . . . . 2 1 . Launcher 7 | . . . . . . . . . . . 1 3 . . . . . . . . . . . 3 Special Weapon 1 | . . . . . . . . . . . . . . . . . . . . . . . . 1 Impact Weapon . | . . . . . . . . . . . . . . . . . . . . . . . . . Slashing Weapon 1 | . . . . . . . . . . . . . . 1 . . . . . . . . . . Piercing Weapon 2 | . . . . . . . . . . . . . . . . . . . . . . 1 . 1 Special Melee Weapon 1 | . . . . . . . . . . . . 1 . . . . . . . . . . . . Unidentified Prototypes 7 | . . . . . . . . . . 1 . . . . . . . . . . . 2 . 4 Parts Lost 149 | . . 3 . . 1 . 1 . . 3 12 17 2 . . 5 4 6 8 9 1 7 28 42 Power 26 | . . 1 . . . . 1 . . 1 3 4 . . . . . . 1 1 . 1 6 7 Propulsion 44 | . . 1 . . . . . . . 1 3 7 1 . . 2 . 3 1 5 . 1 6 13 Utility 36 | . . 1 . . 1 . . . . . 2 2 . . . 3 2 2 2 1 . 1 8 11 Weapon 43 | . . . . . . . . . . 1 4 4 1 . . . 2 1 4 2 1 4 8 11 Highest Loss Streak 17 | . . 2 . . 1 . 1 . . 3 5 11 1 . . 2 4 5 8 7 1 4 5 17 To Critical Strikes 3 | . . . . . . . . . . . . . . . . . . 1 . . . 1 1 . Average Slot Usage (%) 91 | . 92 95 100 87 99 100 98 92 92 98 97 82 76 80 86 94 94 96 89 73 91 87 91 78 Engine 4 | . 14 6 11 3 2 . 5 . . . 7 5 6 6 6 2 5 1 . 5 5 2 . . Core 4 | . . 3 . 5 6 9 7 7 7 14 2 3 . . . 6 5 8 6 1 4 6 1 . Reactor 2 | . . . . . . . . . . . 2 . . . . . . . 3 2 4 6 10 10 Leg 25 | . 28 31 33 32 36 36 30 30 30 28 24 22 22 20 20 25 28 26 27 15 21 24 21 8 Device 11 | . . 6 11 13 17 18 15 15 15 15 14 8 . . . 10 11 17 17 15 21 15 13 12 Storage 6 | . 14 19 22 13 9 9 7 7 7 7 6 4 1 6 6 3 1 . . . 3 9 4 1 Processor 3 | . . . . . 9 9 1 . . . . . . . . . 3 5 5 5 5 5 11 19 Hackware 6 | . . . . . . . 5 7 7 7 10 13 13 13 13 10 11 7 5 5 5 5 3 . Protection 2 | . 6 4 . . . . . . . . . 1 6 7 13 6 2 1 . . . . . 1 Energy Gun 7 | . 14 11 11 9 9 9 7 7 7 8 6 3 6 6 6 5 10 11 5 5 14 5 8 5 Energy Cannon 2 | . . . . . . . 6 . . . 10 2 . . . 3 5 5 . . . . 2 . Ballistic Gun 6 | . 14 11 11 9 9 9 4 7 7 7 6 8 . 1 6 9 3 5 13 12 5 1 7 4 Ballistic Cannon 1 | . . . . . . . 2 7 7 5 . 1 6 4 . . . . . . . 4 1 . Launcher 1 | . . . . . . . . . . . . 2 12 6 6 1 . . . . . . . . Naked Turns . | . . . . . . . . . . . . . . . . . . . . . . . . . Heaviest Build 91 | 14 22 20 20 20 21 33 50 40 40 50 70 65 38 41 40 59 59 54 51 51 71 91 90 82 Greatest Support 128 | 20 20 30 30 45 45 64 69 69 69 72 72 78 65 50 50 100 95 95 90 90 60 118 128 120 Greatest Overweight (x) 26 | . 1 . . . . . . . . . 1 2 . . . 1 . . . 10 1 1 1 26 Average Overweight (x) . | . . . . . . . . . . . . . . . . . . . . . . . . 2 Largest Inventory Capacity 15 | 8 10 8 8 8 8 15 15 15 15 15 15 15 5 5 5 5 5 5 5 5 10 10 10 10 Average Capacity 9 | 7 8 8 8 8 8 9 15 15 15 15 15 11 5 5 5 5 5 5 5 5 8 10 10 7 Most Carried 15 | 1 8 8 8 8 8 13 15 14 14 15 15 14 5 5 5 5 5 5 5 5 10 10 10 9 Average Carried 9 | . 6 7 8 7 7 8 14 14 14 14 14 10 5 4 5 4 4 4 4 4 7 9 9 5 Final Capacity 15 | 8 8 8 8 8 8 15 15 15 15 15 15 5 5 5 5 5 5 5 5 5 10 10 10 5 Final Carried 15 | 1 7 8 8 8 8 13 14 14 14 14 15 5 5 5 5 5 5 5 4 5 10 10 9 4 Class Distribution -------------------- 21% | Scavenger-Gunner 20% | Hacker-Tank 16% | Scavenger-Tank 14% | Hacker-Gunner 11% | Scavenger-Mutant 8% | Mutant Dominant Class ---------------- Mutant | -10/Materials Mutant | -9/Materials Scavenger-Mutant | -9/Mines Scavenger-Mutant | -8/Materials Scavenger-Mutant | -8/Garrison Mutant | -8/Materials Hacker-Tank | -7/Factory Hacker-Gunner | -7/Lower Caves Hacker-Gunner | -7/Data Miner Hacker-Gunner | -6/Proximity Caves Hacker-Gunner | -6/Factory Hacker-Gunner | -6/Lower Caves Scavenger-Tank | -6/Lower Caves Scavenger-Tank | -6/Zion Hacker-Tank | -5/Proximity Caves Hacker-Tank | -5/Factory Scavenger-Tank | -5/Extension Scavenger-Tank | -5/Cetus Scavenger-Gunner | -5/Archives Scavenger-Gunner | -5/Hub_04(d) Scavenger-Tank | -4/Factory Messiah-Tank | -4/DSF Scavenger-Gunner | -3/Research Scavenger-Gunner | -3/Testing Resources | -11 -10 -9 -9 -8 -8 -8 -7 -7 -7 -6 -6 -6 -6 -6 -5 -5 -5 -5 -5 -5 -4 -4 -3 -3 ----------- Run | Yrd Mat Mat Min Mat Gar Mat Fac Low Dat Pro Fac Low Low Zio Pro Fac Ext Cet Arc Hub Fac DSF Res Tes Matter Collected 7754 | 206 129 446 37 173 189 169 582 . . 251 605 516 65 58 153 653 237 195 97 472 22 455 1539 505 Remotely 522 | . . . . 47 54 . . . . . . . . . . . . . . . . . 421 . Salvage Created 14914 | . 221 700 37 347 275 260 1458 . . 306 1572 742 206 . 90 1908 297 484 367 791 96 259 3108 1390 Parts 724 | . 21 28 4 21 17 9 70 . . 15 61 30 7 . 2 89 13 28 13 42 4 14 147 89 Haulers Intercepted 1 | . . . . . . . . . . . . . . . . . . . . . . . . 1 Recyclers Shooed 11 | . . 1 . . . . 2 . . . 2 . . . . 3 . . . 1 . . 2 . Parts Field Recycled . | . . . . . . . . . . . . . . . . . . . . . . . . . Retrieved Matter . | . . . . . . . . . . . . . . . . . . . . . . . . . Parts Self-Destructed 44 | . . . . . . . . . . 13 . 23 7 . 1 . . . . . . . . . Prevented 11 | . . . . . . . . . . . . 2 7 . 2 . . . . . . . . . Kills | -11 -10 -9 -9 -8 -8 -8 -7 -7 -7 -6 -6 -6 -6 -6 -5 -5 -5 -5 -5 -5 -4 -4 -3 -3 ------- Run | Yrd Mat Mat Min Mat Gar Mat Fac Low Dat Pro Fac Low Low Zio Pro Fac Ext Cet Arc Hub Fac DSF Res Tes Combat Hostiles Destroyed 242 | . 8 13 3 7 8 4 28 . . 7 24 16 5 . 1 27 4 9 4 9 4 8 32 21 Melee 3 | . . . . . . . . . . . . . . . . . . . . . . . . 3 Guns 153 | . 5 13 3 7 8 4 16 . . 7 9 6 . . 1 12 1 7 3 9 4 2 24 12 Cannons 51 | . . . . . . . 10 . . . 12 2 2 . . 8 3 1 . . . 6 7 . AOE 21 | . 3 . . . . . . . . . . 8 3 . . 2 . . . . . . . 5 Classes Destroyed 19 | . 4 2 . 1 1 1 1 . . . 2 . . . . . 1 . . 1 . . 1 4 Worker 22 | . 1 1 . . . 2 2 . . . 1 . . . . 2 . . . 3 . . 6 4 Builder 12 | . . . . 1 . . 2 . . . . . . . . 1 . . . 2 . . 2 4 Tunneler 1 | . . . . . . . . . . . . . . . . . . . . . . . 1 . Hauler 1 | . . . . . . . . . . . . . . . . . . . . . . . . 1 Recycler 12 | . . 1 . 1 . . 1 . . . 1 . . . . 1 . . . 1 . . 5 1 Operator 3 | . . . . . . . . . . . 2 . . . . . . . . . . . . 1 Watcher 13 | . 1 1 . . . . 2 . . . . . . . . 2 1 1 . . . . 4 1 Swarmer 42 | . 6 . 3 3 3 . . . . 3 . . 3 . . 4 . 4 . . 4 5 . 4 Grunt 91 | . 2 9 . 3 3 3 17 . . 3 9 10 . . . 11 . . . 8 . . 10 3 Brawler 3 | . . . . . . 1 . . . . . 2 . . . . . . . . . . . . Duelist 1 | . . . . . . . . . . . 1 . . . . . . . . . . . . . Researcher 1 | . . . . . . . . . . . . . . . . . . . . . . . . 1 Sentry 31 | . . 4 . 1 . . 3 . . . 7 1 2 . 1 2 2 . 4 . . . 4 . Hunter 33 | . . . . . 2 . 3 . . 1 2 2 . . . 3 . 2 . . . 3 13 2 Programmer 33 | . . . . . . . 5 . . . 5 1 . . . 7 1 . . . . . 5 9 Heavy 1 | . . . . . . . . . . . . . . . . . . . . 1 . . . . Behemoth 1 | . . . . . . . . . . . . . . . . . 1 . . . . . . . Cetus Guard 3 | . . . . . . . . . . . . . . . . . . 3 . . . . . . Striker 2 | . . . . . . . . . . . . . . . . . . . . . . . . 2 Alpha 7 1 | . . . . . . . . . . . . . . . . . . . . . . . . 1 Best Kill Streak 7 | . 3 4 3 6 4 3 6 . . 3 4 7 5 . 1 5 3 6 2 7 4 5 7 6 Combat Bots Only 7 | . 3 4 3 4 4 2 6 . . 3 4 7 5 . 1 4 3 6 2 4 4 5 6 4 Max Kills in Single Turn 3 | . 3 1 2 1 1 1 2 . . 1 1 2 1 . 1 2 1 2 1 2 2 1 2 2 Gunslinging 1 | . 1 . 1 . . . . . . . . . . . . . . . . . 1 . . . Exploded 3 | . 3 . . . . . . . . . . 2 1 . . 1 . . . . . . . 2 Melee 1 | . . . . . . . . . . . . . . . . . . . . . . . . 1 Uniques/NPCs Destroyed . | . . . . . . . . . . . . . . . . . . . . . . . . . Combat | -11 -10 -9 -9 -8 -8 -8 -7 -7 -7 -6 -6 -6 -6 -6 -5 -5 -5 -5 -5 -5 -4 -4 -3 -3 -------- Run | Yrd Mat Mat Min Mat Gar Mat Fac Low Dat Pro Fac Low Low Zio Pro Fac Ext Cet Arc Hub Fac DSF Res Tes Hostile Shots Fired 2637 | . 16 125 7 28 74 14 193 . . 61 380 144 40 . 18 127 64 117 55 70 21 233 552 298 Missed 894 | . 7 41 2 8 20 4 67 . . 16 148 40 16 . 4 44 19 29 20 21 9 106 195 78 Damage Taken 22613 | . 69 843 33 225 544 135 1003 . . 625 1649 1634 325 . 277 885 828 1374 731 1036 176 1391 5059 3771 Core 3207 | . 25 127 15 63 25 10 135 . . 123 214 227 36 . 34 66 108 174 76 190 24 232 619 684 Absorbed by Shields 866 | . . . . . . . 269 . . . 229 . . . . 250 118 . . . . . . . Redirected to Shielding 81 | . . . . . . . . . . . . . . . 37 44 . . . . . . . . Ignored by Resistances 6664 | . 23 245 10 65 162 37 378 . . 179 583 454 98 . 78 323 263 384 199 276 38 402 1424 1043 Regen/Repaired (Parts) 388 | . . . . . . . . . . . . . . 256 . . 132 . . . . . . . Core Remaining (%) 69 | 100 90 . 64 . . 82 . . . 63 . . . . 39 . . . . 38 . 77 . . Volleys Fired 743 | . 16 76 6 19 34 18 77 . . 22 59 35 7 . 8 57 22 24 20 27 6 25 116 69 Largest 5 | . 2 2 2 2 2 2 3 . . 3 4 4 3 . 3 4 4 4 4 4 4 4 5 5 Hottest 386 | . 60 79 79 92 92 86 197 . . 153 249 214 171 . 161 266 269 269 298 192 298 270 386 386 Shots Fired 2015 | . 32 95 12 38 57 38 230 . . 67 227 92 21 . 17 179 69 90 62 86 24 45 396 138 Gun 1555 | . 32 95 12 38 57 38 129 . . 58 131 62 7 . 16 146 48 66 56 86 24 28 315 111 Cannon 411 | . . . . . . . 101 . . 9 94 13 7 . . 28 21 24 6 . . 17 81 10 Launcher 48 | . . . . . . . . . . . 2 17 7 . 1 5 . . . . . . . 16 Special 1 | . . . . . . . . . . . . . . . . . . . . . . . . 1 Kinetic 937 | . 16 76 6 19 34 20 77 . . 31 67 52 7 . 8 80 24 24 31 61 6 24 220 54 Thermal 940 | . . 16 6 19 23 18 153 . . 36 158 23 7 . 8 82 34 43 29 25 18 21 165 56 Explosive 27 | . . . . . . . . . . . . 13 . . . . . . . . . . . 14 Electromagnetic 110 | . 16 3 . . . . . . . . 2 4 7 . 1 17 11 23 2 . . . 11 13 Robot Hit Streak 33 | . 8 14 4 11 12 16 26 . . 8 22 11 10 . 12 33 22 17 17 15 7 7 17 29 Robot Miss Streak 6 | . 2 4 4 1 3 1 4 . . 4 3 3 1 . 1 2 2 6 4 4 3 4 6 2 Penetration Max 2 | . . . . . . . . . . . . 1 . . . 2 1 1 1 2 . 1 1 1 Secondary Targets 22 | . 2 1 2 1 2 . . . . . . 1 . . . . 1 . 1 4 2 . 3 2 Max Gunslinging Chain 1 | . 1 1 1 1 1 . . . . . . 1 . . . . 1 . 1 1 1 . 1 1 Shots Hit Robots 1430 | . 21 75 5 30 42 32 169 . . 41 155 61 16 . 15 126 55 59 50 64 12 28 260 114 Core Hits 667 | . 14 28 3 16 15 12 101 . . 16 53 37 8 . 6 62 13 22 17 30 5 14 133 62 Critical Kills 25 | . . . . . . . 1 . . . 1 . . . . 11 . . 1 1 . . 7 3 Critical Parts Destroyed 23 | . . 1 . 1 . . . . . . . . . . 2 9 1 . . . . . 8 1 Critical Strikes 105 | . . 5 . 3 2 1 11 . . 3 5 1 1 . 6 24 3 . 1 1 . 3 25 10 Burn 38 | . . 4 . 2 2 1 5 . . 3 4 1 1 . 4 3 . . . . . 1 4 3 Meltdown 4 | . . . . . . . 1 . . . 1 . . . . 2 . . . . . . . . Destroy 47 | . . 1 . 1 . . . . . . . . . . 2 19 2 . 1 1 . . 15 5 Blast 13 | . . . . . . . 5 . . . . . . . . . . . . . . 2 6 . Corrupt 1 | . . . . . . . . . . . . . . . . . 1 . . . . . . . Impale 2 | . . . . . . . . . . . . . . . . . . . . . . . . 2 Melee Attacks 11 | . . . . . . . . . . . . 2 . . . . . . . . . . . 9 Impact . | . . . . . . . . . . . . . . . . . . . . . . . . . Slashing . | . . . . . . . . . . . . . . . . . . . . . . . . . Piercing 9 | . . . . . . . . . . . . . . . . . . . . . . . . 9 Sneak Attacks 1 | . . . . . . . . . . . . . . . . . . . . . . . . 1 Combat Hostiles . | . . . . . . . . . . . . . . . . . . . . . . . . . Follow-up Attacks . | . . . . . . . . . . . . . . . . . . . . . . . . . Damage Inflicted 37323 | . 386 1198 41 463 631 482 3884 . . 698 3874 2424 552 . 239 2762 1414 1621 1237 1944 344 1082 6901 5146 Guns 23271 | . 252 1193 41 463 631 482 1738 . . 628 1847 829 87 . 151 1591 761 1137 1066 1944 344 377 5432 2277 Cannons 8839 | . . . . . . . 1939 . . 70 1839 252 220 . . 849 611 484 171 . . 705 1424 275 Explosions 4526 | . 134 . . . . . 162 . . . 177 1343 245 . 88 315 . . . . . . . 2062 Melee 523 | . . . . . . . . . . . . . . . . . . . . . . . . 523 Ramming 164 | . . 5 . . . . 45 . . . 11 . . . . 7 42 . . . . . 45 9 Kinetic 13686 | . 111 985 13 251 320 212 1310 . . 253 829 708 220 . 43 556 249 364 576 1338 65 795 3395 1093 Thermal 17406 | . 134 173 28 212 311 270 2367 . . 445 3003 373 87 . 108 1745 922 845 640 606 279 287 3240 1331 Explosive 3008 | . . . . . . . 109 . . . . 1015 . . . . . . . . . . . 1884 Electromagnetic 2536 | . 141 35 . . . . 53 . . . 31 328 245 . 88 454 201 412 21 . . . 221 306 Impact . | . . . . . . . . . . . . . . . . . . . . . . . . . Slashing . | . . . . . . . . . . . . . . . . . . . . . . . . . Piercing 523 | . . . . . . . . . . . . . . . . . . . . . . . . 523 Highest Corruption 30 | . . . . . . 1 1 1 1 1 4 6 6 6 . 3 5 5 5 5 . . 9 30 Average Corruption 5 | . . . . . . 1 1 1 1 1 2 5 6 6 . 2 4 5 5 5 . . 7 17 Corruption Purged . | . . . . . . . . . . . . . . . . . . . . . . . . . Corruption Blocked . | . . . . . . . . . . . . . . . . . . . . . . . . . Effects 228 | . . . . . . 4 7 1 1 9 8 27 13 2 . 10 31 11 9 7 . . 28 60 Message Errors 46 | . . . . . . 1 . . . 3 . 5 4 . . 1 6 2 1 3 . . 5 15 Matter Fused 52 | . . . . . . . 4 . . 3 5 3 3 1 . 4 5 2 4 2 . . 6 10 Heat Flow Errors 28 | . . . . . . . 2 . . . 1 5 1 1 . 1 3 2 . 1 . . 2 9 Energy Discharges 22 | . . . . . . . . . . 1 . 2 3 . . 1 7 . 1 . . . 1 6 Parts Rejected 5 | . . . . . . . . . . . 1 1 . . . . 1 . . . . . 1 1 Parts Fused 1 | . . . . . . . . . . . . 1 . . . . . . . . . . . . Data Loss (minor) 31 | . . . . . . 1 1 1 . . 1 3 1 . . 3 6 4 . . . . 5 5 Data Loss (major) 12 | . . . . . . . . . 1 . . 3 1 . . . 1 . 1 . . . 3 2 Misfires 8 | . . . . . . 2 . . . 1 . . . . . . . . 2 . . . . 3 Alerts 5 | . . . . . . . . . . 1 . 3 . . . . 1 . . . . . . . Misdirections 4 | . . . . . . . . . . . . . . . . . . . . . . . . 4 Weapon Failures 14 | . . . . . . . . . . . . 1 . . . . 1 1 . 1 . . 5 5 Overload Shots . | . . . . . . . . . . . . . . . . . . . . . . . . . Overflow Damage 333 | . . . . . . . 48 . . 4 85 20 9 . . 7 . . . . . 22 45 93 Projectiles 139 | . . . . . . . 48 . . 4 40 . . . . 7 . . . . . 22 18 . Explosions 167 | . . . . . . . . . . . 45 20 9 . . . . . . . . . . 93 Melee 27 | . . . . . . . . . . . . . . . . . . . . . . . 27 . Knockbacks 27 | . . . . . . . 5 . . 2 . . . . . . 2 . . . . 4 14 . Impact 4 | . . . . . . . 1 . . . . . . . . . 2 . . . . . 1 . Kinetic 23 | . . . . . . . 4 . . 2 . . . . . . . . . . . 4 13 . Secondary . | . . . . . . . . . . . . . . . . . . . . . . . . . Self-Inflicted Damage 329 | . 4 . . . . . 15 . . . 23 52 41 . 5 8 . . . . . . . 181 Shots 23 | . 1 . . . . . 2 . . . 1 3 4 . 1 1 . . . . . . . 10 Rammed 1 | . . . . . . . . . . . . . . . . . . . . . . . . 1 Targets Rammed 18 | . . 1 . . . . 5 . . . 4 . . . . 1 3 . . . . . 2 2 Kicked 17 | . . 1 . . . . 5 . . . 4 . . . . 1 3 . . . . . 2 1 Crushed . | . . . . . . . . . . . . . . . . . . . . . . . . . Highest Temperature 693 | . 18 463 . 27 . 12 339 . . 459 470 693 451 249 252 265 276 198 191 198 199 96 621 568 Average Temperature 124 | . 10 169 . 16 . 12 91 . . 142 109 176 178 125 110 53 89 113 89 101 123 10 177 111 Received Heat Transfer 3979 | . 18 588 . 126 72 90 392 . . 276 430 444 42 . 12 165 102 54 126 432 . . 583 27 Effects 67 | . . 2 . . . . 2 . . 5 2 10 3 . . . 1 . . . . . 38 4 Shutdowns 31 | . . 1 . . . . 1 . . 1 2 4 . . . . . . . . . . 20 2 Energy Bleed 6 | . . . . . . . 1 . . . . 1 . . . . . . . . . . 2 2 Interference 12 | . . 1 . . . . . . . 1 . 2 . . . . 1 . . . . . 7 . Matter Decay 4 | . . . . . . . . . . . . . 1 . . . . . . . . . 3 . Short Circuit 3 | . . . . . . . . . . . . . . . . . . . . . . . 3 . Damage (minor) 4 | . . . . . . . . . . . . 1 . . . . . . . . . . 3 . Damage (major) 7 | . . . . . . . . . . 3 . 2 2 . . . . . . . . . . . Siege Activations . | . . . . . . . . . . . . . . . . . . . . . . . . . Robots Corrupted 2 | . . . . . . . . . . . . . . . . 1 . 1 . . . . . . Combat Hostiles 2 | . . . . . . . . . . . . . . . . 1 . 1 . . . . . . Parts Fried 1 | . . . . . . . . . . . . . . . . . . . . . . . . 1 Impact Corruptions 1 | . . . . . . . . . . . . . . . . . . . . . . . 1 . Robots Melted 12 | . . . . . . . 2 . . . 3 . . . . 4 . . 1 . . . 1 1 Combat Hostiles 12 | . . . . . . . 2 . . . 3 . . . . 4 . . 1 . . . 1 1 Parts Melted 64 | . . . . . . . 11 . . 3 15 . . . . 17 1 2 3 . . . 8 4 Heat Transferred 29849 | . 150 740 74 666 814 666 4719 . . 1073 4688 629 222 . 700 3398 1036 1073 851 777 370 481 4822 1900 Parts Sabotaged . | . . . . . . . . . . . . . . . . . . . . . . . . . Parts Stolen . | . . . . . . . . . . . . . . . . . . . . . . . . . Parts Stripped . | . . . . . . . . . . . . . . . . . . . . . . . . . Power Chain Reactions 7 | . 2 . . . . . . . . . 1 1 1 . . 2 . . . . . . . . Alert | -11 -10 -9 -9 -8 -8 -8 -7 -7 -7 -6 -6 -6 -6 -6 -5 -5 -5 -5 -5 -5 -4 -4 -3 -3 ------- Run | Yrd Mat Mat Min Mat Gar Mat Fac Low Dat Pro Fac Low Low Zio Pro Fac Ext Cet Arc Hub Fac DSF Res Tes Peak Influence 427 | . 178 307 160 269 427 344 338 . . . 200 . . . . 383 260 180 151 258 209 236 324 315 Initial 178 | . . 63 90 52 152 178 69 . . . . . . . . . 117 21 60 43 108 34 100 154 Average 149 | . 84 163 121 159 322 249 130 . . . 87 . . . . 212 114 132 131 174 103 114 196 127 Maximum Alert Level 2 | . . 1 . 1 2 1 1 . . . 1 . . . . 1 1 . . 1 1 1 1 1 Low Security (%) 70 | 100 100 58 100 83 11 39 76 . . . 98 . . . . 48 74 100 100 53 74 83 54 72 Level 1 28 | . . 41 . 16 71 60 23 . . . 1 . . . . 51 25 . . 46 25 16 45 27 Level 2 . | . . . . . 17 . . . . . . . . . . . . . . . . . . . Level 3 . | . . . . . . . . . . . . . . . . . . . . . . . . . Level 4 . | . . . . . . . . . . . . . . . . . . . . . . . . . Level 5 . | . . . . . . . . . . . . . . . . . . . . . . . . . High Security . | . . . . . . . . . . . . . . . . . . . . . . . . . Max Security . | . . . . . . . . . . . . . . . . . . . . . . . . . Sterilizations 1 | . . . . . . . . . . . . . . . . . . . . . . 1 . . Squads Dispatched 49 | . . 1 . 2 . 1 11 . . . 9 . 1 . . 6 . . . 3 1 1 8 5 Investigation 4 | . . . . . . . 2 . . . . . . . . . . . . 1 . . 1 . Extermination 19 | . . . . . . . 4 . . . 5 . . . . 4 . . . . 1 . 3 2 Reinforcement 18 | . . 1 . . . 1 3 . . . 1 . . . . 2 . . . 2 . 1 4 3 Assault 1 | . . . . . . . . . . . . . 1 . . . . . . . . . . . Garrison 7 | . . . . 2 . . 2 . . . 3 . . . . . . . . . . . . . Intercept . | . . . . . . . . . . . . . . . . . . . . . . . . . Searches Triggered . | . . . . . . . . . . . . . . . . . . . . . . . . . Construction Impeded 4 | . . . . . . . 1 . . . . . . . . 1 . . . . . . 1 1 Haulers Reinforced 3 | . . . . . . . 1 . . . . . . . . 1 . . . . . . . 1 Active Scanning Responses . | . . . . . . . . . . . . . . . . . . . . . . . . . Cargo Convoy Interrupts . | . . . . . . . . . . . . . . . . . . . . . . . . . Stealth | -11 -10 -9 -9 -8 -8 -8 -7 -7 -7 -6 -6 -6 -6 -6 -5 -5 -5 -5 -5 -5 -4 -4 -3 -3 --------- Run | Yrd Mat Mat Min Mat Gar Mat Fac Low Dat Pro Fac Low Low Zio Pro Fac Ext Cet Arc Hub Fac DSF Res Tes Distress Signals 15 | . . 1 . 1 . 2 2 . . . 1 . . . . 1 1 2 . 2 . . 2 . Communications Jammed 17 | . . . . . . . . . . . 3 . . . . . . . 1 . . 1 12 . Distress Signals 16 | . . . . . . . . . . . 2 . . . . . . . 1 . . 1 12 . Times Spotted 362 | . 13 17 3 8 10 14 38 . . 7 38 19 6 . 4 31 12 14 11 15 7 13 48 34 Peak Tracking Total 7 | . 3 6 3 6 4 3 6 . . 3 6 7 5 . 2 6 4 6 2 5 4 5 6 5 Tactical Retreats 16 | . . . . . 2 . . . . . 1 3 . . 1 2 . . . 2 . . 1 4 Traps | -11 -10 -9 -9 -8 -8 -8 -7 -7 -7 -6 -6 -6 -6 -6 -5 -5 -5 -5 -5 -5 -4 -4 -3 -3 ------- Run | Yrd Mat Mat Min Mat Gar Mat Fac Low Dat Pro Fac Low Low Zio Pro Fac Ext Cet Arc Hub Fac DSF Res Tes Traps Triggered 15 | . . . . . 1 1 3 . . . 4 . 1 . . 1 . . . . . . 2 2 Indirectly . | . . . . . . . . . . . . . . . . . . . . . . . . . Trap Hack Attempts . | . . . . . . . . . . . . . . . . . . . . . . . . . Triggered . | . . . . . . . . . . . . . . . . . . . . . . . . . Disarmed . | . . . . . . . . . . . . . . . . . . . . . . . . . Reprogrammed . | . . . . . . . . . . . . . . . . . . . . . . . . . Reused . | . . . . . . . . . . . . . . . . . . . . . . . . . Traps Extracted . | . . . . . . . . . . . . . . . . . . . . . . . . . Installed . | . . . . . . . . . . . . . . . . . . . . . . . . . Triggered . | . . . . . . . . . . . . . . . . . . . . . . . . . Machines | -11 -10 -9 -9 -8 -8 -8 -7 -7 -7 -6 -6 -6 -6 -6 -5 -5 -5 -5 -5 -5 -4 -4 -3 -3 ---------- Run | Yrd Mat Mat Min Mat Gar Mat Fac Low Dat Pro Fac Low Low Zio Pro Fac Ext Cet Arc Hub Fac DSF Res Tes Machines Disabled 30 | . 1 . . . 1 . 7 . . . 7 . . . . 1 3 1 3 . 1 1 . 4 Max in Single Turn 3 | . 1 . . . 1 . 2 . . . 3 . . . . 1 . 1 2 . 1 1 . 1 Garrison Relay 1 | . . . . . 1 . . . . . . . . . . . . . . . . . . . Machines Repaired . | . . . . . . . . . . . . . . . . . . . . . . . . . Machines Dismantled . | . . . . . . . . . . . . . . . . . . . . . . . . . Machines Sabotaged . | . . . . . . . . . . . . . . . . . . . . . . . . . Overloaded Fab Kills . | . . . . . . . . . . . . . . . . . . . . . . . . . Hacking | -11 -10 -9 -9 -8 -8 -8 -7 -7 -7 -6 -6 -6 -6 -6 -5 -5 -5 -5 -5 -5 -4 -4 -3 -3 --------- Run | Yrd Mat Mat Min Mat Gar Mat Fac Low Dat Pro Fac Low Low Zio Pro Fac Ext Cet Arc Hub Fac DSF Res Tes Machines Accessed 39 | . 4 4 . 2 . 6 6 . 4 . 5 1 2 . . 1 1 1 . . 1 . 1 . Terminals 22 | . 4 4 . 1 . 5 4 . . . 2 . . . . . . 1 . . 1 . . . Fabricators 1 | . . . . . . . . . . . . . . . . . . . . . . . 1 . Repair Stations 4 | . . . . . . . 1 . . . 1 . . . . 1 1 . . . . . . . Recycling Units . | . . . . . . . . . . . . . . . . . . . . . . . . . Scanalyzers 3 | . . . . . . 1 1 . . . 1 . . . . . . . . . . . . . Garrison Access 2 | . . . . 1 . . . . . . 1 . . . . . . . . . . . . . Total Hacks 127 | . 8 9 . 7 . 20 14 . 30 . 11 9 3 . . 5 3 2 . . 1 . 5 . Successful 81 | . 5 4 . 6 . 8 5 . 30 . 4 9 3 . . 2 2 . . . 1 . 2 . Failed 46 | . 3 5 . 1 . 12 9 . . . 7 . . . . 3 1 2 . . . . 3 . Catastrophic 7 | . 2 1 . . . . 3 . . . . . . . . . . 1 . . . . . . Database Lockouts . | . . . . . . . . . . . . . . . . . . . . . . . . . Manual 69 | . 5 8 . 5 . 11 7 . . . 8 . . . . 1 2 2 1 . 11 . 4 4 Terminals 55 | . 8 9 . 6 . 14 9 . . . 6 . . . . . . 2 . . 1 . . . Fabricators 5 | . . . . . . . . . . . . . . . . . . . . . . . 5 . Repair Stations 13 | . . . . . . . 3 . . . 2 . . . . 5 3 . . . . . . . Recycling Units . | . . . . . . . . . . . . . . . . . . . . . . . . . Scanalyzers 10 | . . . . . . 6 2 . . . 2 . . . . . . . . . . . . . Garrison Access 2 | . . . . 1 . . . . . . 1 . . . . . . . . . . . . . Terminal Hacks 63 | . 5 4 . 5 . 2 3 . 30 . 1 9 3 . . . . . . . 1 . . . Record 23 | . . . . . . . 1 . 11 . . 9 2 . . . . . . . . . . . Part Schematic 10 | . . . . . . . . . 10 . . . . . . . . . . . . . . . Robot Schematic 6 | . . . . . . . . . 6 . . . . . . . . . . . . . . . Robot Analysis 1 | . 1 . . . . . . . . . . . . . . . . . . . . . . . Prototype ID Bank 5 | . . . . 1 . . 1 . 3 . . . . . . . . . . . . . . . Open Door 1 | . . . . . . . . . . . . . 1 . . . . . . . . . . . Open DSF 1 | . . . . . . . . . . . . . . . . . . . . . 1 . . . Level Access Points 3 | . 1 1 . 1 . . . . . . . . . . . . . . . . . . . . Branch Access Points 1 | . . 1 . . . . . . . . . . . . . . . . . . . . . . Terminal Index 5 | . 1 . . 1 . 1 1 . . . 1 . . . . . . . . . . . . . Recycling Unit Index 1 | . . . . 1 . . . . . . . . . . . . . . . . . . . . Scanalyzer Index 2 | . 2 . . . . . . . . . . . . . . . . . . . . . . . Alert Level 1 | . . . . . . 1 . . . . . . . . . . . . . . . . . . Locate Traps 2 | . . 1 . 1 . . . . . . . . . . . . . . . . . . . . Zone Layout 1 | . . 1 . . . . . . . . . . . . . . . . . . . . . . Fabricator Hacks 2 | . . . . . . . . . . . . . . . . . . . . . . . 2 . Load Schematic 2 | . . . . . . . . . . . . . . . . . . . . . . . 2 . Repair Station Hacks 6 | . . . . . . . 1 . . . 1 . . . . 2 2 . . . . . . . Scan Component 5 | . . . . . . . 1 . . . 1 . . . . 2 1 . . . . . . . Repair 1 | . . . . . . . . . . . . . . . . . 1 . . . . . . . Recycling Unit Hacks . | . . . . . . . . . . . . . . . . . . . . . . . . . Scanalyzer 9 | . . . . . . 6 1 . . . 2 . . . . . . . . . . . . . Insert Component 5 | . . . . . . 3 1 . . . 1 . . . . . . . . . . . . . Analyze 4 | . . . . . . 3 . . . . 1 . . . . . . . . . . . . . Garrison Access Hacks 1 | . . . . 1 . . . . . . . . . . . . . . . . . . . . Unlock Access 1 | . . . . 1 . . . . . . . . . . . . . . . . . . . . Unauthorized Hacks . | . . . . . . . . . . . . . . . . . . . . . . . . . Terminals . | . . . . . . . . . . . . . . . . . . . . . . . . . Fabricators . | . . . . . . . . . . . . . . . . . . . . . . . . . Repair Stations . | . . . . . . . . . . . . . . . . . . . . . . . . . Recycling Units . | . . . . . . . . . . . . . . . . . . . . . . . . . Scanalyzers . | . . . . . . . . . . . . . . . . . . . . . . . . . Garrison Access . | . . . . . . . . . . . . . . . . . . . . . . . . . Data Cores Recovered 2 | . . . . . . . . . . . 2 . . . . . . . . . . . . . Used . | . . . . . . . . . . . . . . . . . . . . . . . . . Hacking Detections 31 | . 4 4 . 2 . 6 6 . . . 5 . . . . 1 1 1 . . . . 1 . Full Trace Events 2 | . . . . . . . 1 . . . . . . . . . . . . . . . 1 . Feedback Events . | . . . . . . . . . . . . . . . . . . . . . . . . . Feedback Blocked . | . . . . . . . . . . . . . . . . . . . . . . . . . Robot Schematics Acquired 10 | . . . . . . . . . 6 . . . . 2 . . . . . . . . . 2 Robots Built . | . . . . . . . . . . . . . . . . . . . . . . . . . Authchips . | . . . . . . . . . . . . . . . . . . . . . . . . . Time . | . . . . . . . . . . . . . . . . . . . . . . . . . Total Robot Build Rating . | . . . . . . . . . . . . . . . . . . . . . . . . . Part Schematics Acquired 32 | . . . . . . 3 . . 10 . 1 . . 15 . . . . . . . . . 3 Parts Built . | . . . . . . . . . . . . . . . . . . . . . . . . . Authchips . | . . . . . . . . . . . . . . . . . . . . . . . . . Time . | . . . . . . . . . . . . . . . . . . . . . . . . . Total Part Build Rating . | . . . . . . . . . . . . . . . . . . . . . . . . . Parts Repaired 1 | . . . . . . . . . . . . . . . . . 1 . . . . . . . Time 25 | . . . . . . . . . . . . . . . . . 25 . . . . . . . Parts Recycled . | . . . . . . . . . . . . . . . . . . . . . . . . . Recycled Matter . | . . . . . . . . . . . . . . . . . . . . . . . . . Retrieved Matter . | . . . . . . . . . . . . . . . . . . . . . . . . . Retrieved Components . | . . . . . . . . . . . . . . . . . . . . . . . . . Parts Scanalyzed 5 | . . . . . . 3 1 . . . 1 . . . . . . . . . . . . . Part Schematics Acquired 4 | . . . . . . 3 . . . . 1 . . . . . . . . . . . . . Parts Damaged 1 | . . . . . . 1 . . . . . . . . . . . . . . . . . . Bothacking | -11 -10 -9 -9 -8 -8 -8 -7 -7 -7 -6 -6 -6 -6 -6 -5 -5 -5 -5 -5 -5 -4 -4 -3 -3 ------------ Run | Yrd Mat Mat Min Mat Gar Mat Fac Low Dat Pro Fac Low Low Zio Pro Fac Ext Cet Arc Hub Fac DSF Res Tes Used RIF Installer . | . . . . . . . . . . . . . . . . . . . . . . . . . Robots Hacked 1 | . . . . . . . . . . . . . . . . . . . . . . . . 1 Non-combat . | . . . . . . . . . . . . . . . . . . . . . . . . . Combat 1 | . . . . . . . . . . . . . . . . . . . . . . . . 1 Robot Hacks Applied 1 | . . . . . . . . . . . . . . . . . . . . . . . . 1 parse_system 1 | . . . . . . . . . . . . . . . . . . . . . . . . 1 Relay Couplers Released 4 | . . . . . 4 . . . . . . . . . . . . . . . . . . . Machine Destruction 4 | . . . . . 4 . . . . . . . . . . . . . . . . . . . Fabnet Peak Effective % . | . . . . . . . . . . . . . . . . . . . . . . . . . Robots Rewired . | . . . . . . . . . . . . . . . . . . . . . . . . . Allies Hacked . | . . . . . . . . . . . . . . . . . . . . . . . . . Hacks Repelled . | . . . . . . . . . . . . . . . . . . . . . . . . . Allies | -11 -10 -9 -9 -8 -8 -8 -7 -7 -7 -6 -6 -6 -6 -6 -5 -5 -5 -5 -5 -5 -4 -4 -3 -3 -------- Run | Yrd Mat Mat Min Mat Gar Mat Fac Low Dat Pro Fac Low Low Zio Pro Fac Ext Cet Arc Hub Fac DSF Res Tes Total Allies 12 | . . . . . . . . . . . . . . 4 . 5 1 . . . 2 . . . Largest Group 5 | . . . . . . . . . . . . . . 4 4 5 2 1 . . 2 2 . . Highest-Rated Group 285 | . . . . . . . . . . . . . . 157 157 285 185 96 . . 206 206 . . Highest-Rated Ally 103 | . . . . . . . . . . . . . . 42 42 96 96 96 . . 103 103 . . Zionite Dispatches 1 | . . . . . . . . . . . . . . . . . . . . . 1 . . . Heavy 1 | . . . . . . . . . . . . . . . . . . . . . 1 . . . Total Orders . | . . . . . . . . . . . . . . . . . . . . . . . . . Ally Attacks 120 | . . . . . . . . . . . . . . . 16 35 47 3 . . 4 15 . . Total Damage 5112 | . . . . . . . . . . . . . . . 476 736 2004 138 . . 437 1321 . . Kills 21 | . . . . . . . . . . . . . . . 2 4 9 1 . . 2 3 . . Allies Corrupted 1 | . . . . . . . . . . . . . . . . . 1 . . . . . . . Allies Melted 1 | . . . . . . . . . . . . 1 . . . . . . . . . . . . Intel | -11 -10 -9 -9 -8 -8 -8 -7 -7 -7 -6 -6 -6 -6 -6 -5 -5 -5 -5 -5 -5 -4 -4 -3 -3 ------- Run | Yrd Mat Mat Min Mat Gar Mat Fac Low Dat Pro Fac Low Low Zio Pro Fac Ext Cet Arc Hub Fac DSF Res Tes Robot Analysis Total 1 | . 1 . . . . . . . . . . . . . . . . . . . . . . . Derelict Logs Recovered 5 | . . . . . . . . . . . . 1 2 1 1 . . . . . . . . . Drone Launches . | . . . . . . . . . . . . . . . . . . . . . . . . . Drone Recoveries . | . . . . . . . . . . . . . . . . . . . . . . . . . Zionite Intel Received 2 | . . . . . . . . . . . . . . . . . . . . . 2 . . . Branch Access 1 | . . . . . . . . . . . . . . . . . . . . . 1 . . . Unaware Analyses 1 | . . . . . . . . . . . . . . . . . . . . . 1 . . . Exploration | -11 -10 -9 -9 -8 -8 -8 -7 -7 -7 -6 -6 -6 -6 -6 -5 -5 -5 -5 -5 -5 -4 -4 -3 -3 ------------- Run | Yrd Mat Mat Min Mat Gar Mat Fac Low Dat Pro Fac Low Low Zio Pro Fac Ext Cet Arc Hub Fac DSF Res Tes Turns Passed 19378 | 93 714 736 224 278 758 572 2910 73 136 847 1758 1071 612 896 463 1322 1198 334 272 233 591 433 1523 1331 Spaces Moved 12679 | 72 537 457 170 171 543 401 2022 58 108 609 1018 807 479 706 356 869 898 202 155 94 329 251 842 525 Core 139 | 4 . . . . . . . . . . . 84 . . . . . . . 5 . . . 46 Treads . | . . . . . . . . . . . . . . . . . . . . . . . . . Legs 12330 | 68 537 457 170 171 543 401 2022 58 108 609 1018 721 479 706 356 869 898 202 155 89 329 251 842 271 Wheels 2 | . . . . . . . . . . . . 2 . . . . . . . . . . . . Hover 208 | . . . . . . . . . . . . . . . . . . . . . . . . 208 Flight . | . . . . . . . . . . . . . . . . . . . . . . . . . Fastest Speed 44 | 50 120 120 120 120 120 120 125 127 127 125 112 50 122 123 123 120 120 120 120 120 120 117 116 44 Average Speed 128 | 116 120 120 120 120 120 123 126 127 127 125 145 113 122 123 123 121 120 120 120 142 169 128 119 202 Slowest Speed 1350 | 120 190 120 120 120 120 125 127 127 127 127 193 130 123 123 123 195 120 120 120 550 190 194 196 1350 Overloaded Moves . | . . . . . . . . . . . . . . . . . . . . . . . . . Propulsion Burnouts . | . . . . . . . . . . . . . . . . . . . . . . . . . Robots Hopped . | . . . . . . . . . . . . . . . . . . . . . . . . . Cave-ins Triggered . | . . . . . . . . . . . . . . . . . . . . . . . . . Exploration Rate (%) 44 | 5 57 23 34 12 47 40 34 15 75 72 22 91 59 77 50 17 57 53 90 10 10 96 19 42 Regions Visited 24 Branch Regions 13 Pre-discovered Areas 2 | . . . . . . . . . 1 . . . . 1 . . . . . . . . . . Known Exits Taken 12 | . 1 1 1 1 . 1 . . . . . . . . 1 . 1 1 1 1 1 . 1 . Unknown Exits Taken 10 | 1 . . . . . . 1 1 1 1 1 1 1 1 . 1 . . . . . . . . Scrap Searched 4 | . . . . . . . . . . 1 . 1 . 2 . . . . . . . . . . Spaces Dug . | . . . . . . . . . . . . . . . . . . . . . . . . . Terrain Destroyed 343 | . 4 . . . . . 27 . . 2 39 76 . . . 25 2 5 5 8 3 5 18 124 Melee . | . . . . . . . . . . . . . . . . . . . . . . . . . Projectile 77 | . . . . . . . 7 . . 2 9 8 . . . 4 2 5 5 8 3 5 18 1 AOE 265 | . 4 . . . . . 20 . . . 30 68 . . . 20 . . . . . . . 123 Terrain Rammed . | . . . . . . . . . . . . . . . . . . . . . . . . . Walls Destroyed . | . . . . . . . . . . . . . . . . . . . . . . . . . Machines Disabled . | . . . . . . . . . . . . . . . . . . . . . . . . . Actions | -11 -10 -9 -9 -8 -8 -8 -7 -7 -7 -6 -6 -6 -6 -6 -5 -5 -5 -5 -5 -5 -4 -4 -3 -3 --------- Run | Yrd Mat Mat Min Mat Gar Mat Fac Low Dat Pro Fac Low Low Zio Pro Fac Ext Cet Arc Hub Fac DSF Res Tes Total 14212 | 78 575 564 178 211 596 448 2195 57 107 643 1158 887 486 733 365 1005 969 236 196 129 347 313 1082 654 Wait 185 | . . . 3 . . . 44 . . 2 2 13 . 20 . 26 28 . 12 . 2 . 31 2 Move 12653 | 71 536 456 169 170 540 400 2021 57 107 608 1017 806 478 705 355 868 897 201 154 93 328 250 841 525 Hop . | . . . . . . . . . . . . . . . . . . . . . . . . . Pick Up 80 | 1 9 9 . 3 2 8 10 . . 1 11 . . 1 . 8 1 2 . . 6 1 3 4 Fast Attach 142 | 6 3 2 . 4 2 . 2 . . . 8 9 1 3 . 14 6 2 5 8 1 10 30 26 Attach 62 | . . 4 . . 1 . 2 . . 3 9 10 . . . 2 1 4 2 . 2 4 9 9 Detach 19 | . 1 . . . 1 . . . . . 2 2 . . . . 1 . . . . 4 4 4 Swap 135 | . 3 8 . 5 5 10 14 . . 6 20 3 . 1 1 10 5 3 2 1 2 8 26 2 Drop 145 | . 7 8 . 10 6 12 17 . . 1 18 4 . 3 1 19 5 . 1 . . 11 20 2 Fire 743 | . 16 76 6 19 34 18 77 . . 22 59 35 7 . 8 57 22 24 20 27 6 25 116 69 Melee 11 | . . . . . . . . . . . . 2 . . . . . . . . . . . 9 Ram 1 | . . . . . . . . . . . . . . . . . . . . . . . . 1 Kick 17 | . . 1 . . . . 5 . . . 4 . . . . 1 3 . . . . . 2 1 Crush . | . . . . . . . . . . . . . . . . . . . . . . . . . Escape Stasis 14 | . . . . . 3 . 3 . . . 8 . . . . . . . . . . . . . Rewire 5 | . . . . . 2 . . . . . . 3 . . . . . . . . . . . . Trap . | . . . . . . . . . . . . . . . . . . . . . . . . . Miscellaneous . | . . . . . . . . . . . . . . . . . . . . . . . . . Route ------- -11/Scrapyard -10/Materials (discovered 4 exits: *Mat x3 / [*Min]) -9/Materials (discovered 5 exits: Mat x3 / *Min x2) -9/Mines -8/Materials (discovered 4 exits: Fac x3 / Gar) -8/Garrison (discovered 2 exits: *Mat x2) -8/Materials -7/Factory -7/Lower Caves -7/Data Miner -6/Proximity Caves -6/Factory -6/Lower Caves -6/Lower Caves -6/Zion -5/Proximity Caves -5/Factory (discovered 2 exits: [*Upp] / *Ext) -5/Extension (discovered 3 exits: *Fac x2 / *Cet) -5/Cetus -5/Archives (discovered 2 exits: *Hub x2) -5/Hub_04(d) -4/Factory (discovered 5 exits: Res / Upp x2 / Arm / DSF) -4/DSF -3/Research (discovered 2 exits: [*Res] / *Tes) -3/Testing History --------- Turn | Location | Event 4 | -11/Scrapyard | Discovered new exit (range 15) 94 | -11/Scrapyard | Entered Materials 304 | -10/Materials | Build established: Mutant 324 | -10/Materials | Discovered new exit (range 12) 714 | -10/Materials | Identified exit to Materials 808 | -10/Materials | Entered another Materials area 808 | -9/Materials | Evolved 2 slots: Propulsion x1, Utility x1 916 | -9/Materials | Identified exit to Mines 916 | -9/Materials | Identified exit to Materials 1544 | -9/Materials | Entered Mines 1601 | -9/Mines | Discovered exit to Materials (range 9) 1615 | -9/Mines | Build established: Scavenger-Mutant 1768 | -9/Mines | Entered Materials 1768 | -8/Materials | Evolved 2 slots: Propulsion x1, Utility x1 1849 | -8/Materials | Garrison activated, responded to threat 1948 | -8/Materials | Identified exit to Factory 2045 | -8/Materials | Identified exit to Garrison 2046 | -8/Materials | Entered Garrison 2200 | -8/Garrison | Triggered checkpoint 2214 | -8/Garrison | Triggered checkpoint 2256 | -8/Garrison | Triggered checkpoint 2333 | -8/Garrison | Discovered new exit (range 13) 2429 | -8/Garrison | Attempted to access garrison exit controls, blocked by remote lockdown 2632 | -8/Garrison | Triggered checkpoint 2675 | -8/Garrison | Garrison Relay disabled 2791 | -8/Garrison | Discovered new exit (range 10) 2804 | -8/Garrison | Entered Materials 3293 | -8/Materials | Build established: Mutant 3349 | -8/Materials | Discovered exit to Factory (range 15) 3376 | -8/Materials | Entered Factory 3376 | -7/Factory | Evolved 2 slots: Power x1, Weapon x1 3534 | -7/Factory | Garrison activated, responded to threat 3704 | -7/Factory | Build established: Gunner 4116 | -7/Factory | Build established: Hacker-Tank 4621 | -7/Factory | Garrison activated, responded to threat 5756 | -7/Factory | Discovered new exit (range 16) 6154 | -7/Factory | Build established: Hacker-Gunner 6286 | -7/Factory | Entered Lower Caves 6347 | -7/Lower Caves | A Derelict revealed a hidden shortcut to meet someone special 6359 | -7/Lower Caves | Entered Data Miner 6359 | -7/Data Miner | Discovered new exit (range 6) 6384 | -7/Data Miner | Met Data Miner 6431 | -7/Data Miner | Learned location of Section 7 (-2) 6431 | -7/Data Miner | Acquired the access code to Warlord's prototype stash 6462 | -7/Data Miner | Received God Mode back door access code from Data Miner 6495 | -7/Data Miner | Entered Proximity Caves 7187 | -6/Proximity Caves | Lost 3 parts (1p1n1w) 7333 | -6/Proximity Caves | Discovered new exit (range 6) 7342 | -6/Proximity Caves | Entered Factory 7342 | -6/Factory | Evolved 2 slots: Utility x1, Weapon x1 7420 | -6/Factory | Garrison activated, responded to threat 7478 | -6/Factory | Lost 5 parts (1p2n1u1w) 7799 | -6/Factory | Build established: Scavenger-Gunner 8362 | -6/Factory | Build established: Hacker-Gunner 8977 | -6/Factory | Discovered new exit (range 15) 9100 | -6/Factory | Entered Lower Caves 9142 | -6/Lower Caves | Learned Extension trap positions 9142 | -6/Lower Caves | Learned Armory stockpile data 9142 | -6/Lower Caves | Learned Factory security intel 9142 | -6/Lower Caves | Learned Research security intel 9142 | -6/Lower Caves | Learned Armory garrison access intel 9521 | -6/Lower Caves | Ambushed by research squad 9585 | -6/Lower Caves | Lost 6 parts (2p2n2w) 9798 | -6/Lower Caves | Attracted the attention of an 0b10 outpost 9858 | -6/Lower Caves | Learned location of 1 exit from Proximity Caves 9860 | -6/Lower Caves | Build established: Hacker-Mutant 9860 | -6/Lower Caves | Lost 11 parts (2p5n2u2w) 9865 | -6/Lower Caves | Destroyed 7 combat bots 10097 | -6/Lower Caves | Core integrity fell below 50% 10162 | -6/Lower Caves | Discovered new exit (range 9) 10171 | -6/Lower Caves | Entered another Lower Caves area 10184 | -6/Lower Caves | Learned 4 Factory zone layouts 10320 | -6/Lower Caves | Learned Research emergency access door positions 10320 | -6/Lower Caves | Learned Research garrison access intel 10421 | -6/Lower Caves | Build established: Scavenger-Tank 10602 | -6/Lower Caves | Encountered a Warlord checkpoint 10628 | -6/Lower Caves | Learned Factory stockpile data 10726 | -6/Lower Caves | Attracted the attention of an 0b10 checkpoint 10741 | -6/Lower Caves | Attracted the attention of an 0b10 outpost 10746 | -6/Lower Caves | Discovered new exit (range 11) 10783 | -6/Lower Caves | Entered Zion 10838 | -6/Zion | Discovered new exit (range 16) 10844 | -6/Zion | Given A8's code to call for help 10871 | -6/Zion | System corruption cleaned by Quarantine Array 11084 | -6/Zion | Learned Factory terminal intel 11219 | -6/Zion | Imprinted 11221 | -6/Zion | Declared Zion's savior 11370 | -6/Zion | Learned location of Warlord (-5) 11477 | -6/Zion | Learned Factory emergency access door positions 11679 | -6/Zion | Entered Proximity Caves 11679 | -5/Proximity Caves | Accompanied by 4 allies 11680 | -5/Proximity Caves | Identified exit to Factory 11727 | -5/Proximity Caves | Learned Factory trap positions 11738 | -5/Proximity Caves | Build established: Hacker-Tank 11856 | -5/Proximity Caves | Attracted the attention of an 0b10 checkpoint 11906 | -5/Proximity Caves | Spotted B-75 Beast 11993 | -5/Proximity Caves | Lost 4 allies 12142 | -5/Proximity Caves | Entered Factory 12142 | -5/Factory | Evolved 2 slots: Propulsion x1, Utility x1 12144 | -5/Factory | Loaded intel: 98 trap records 12148 | -5/Factory | Loaded intel: 28 terminal locations 13069 | -5/Factory | Discovered new exit (range 9) 13162 | -5/Factory | Enhanced Grunt warped into view, answering call for help 13168 | -5/Factory | Enhanced Grunt warped into view, answering call for help 13370 | -5/Factory | Build established: Scavenger-Tank 13412 | -5/Factory | Discovered new exit (range 15) 13464 | -5/Factory | Entered Extension 13464 | -5/Extension | Accompanied by 2 allies 13465 | -5/Extension | Loaded intel: 16 trap records 13606 | -5/Extension | Spotted B-75 Beast 13632 | -5/Extension | Destroyed B-75 Beast 13645 | -5/Extension | Spotted B-75 Beast 13669 | -5/Extension | Allies destroyed B-75 Beast 13685 | -5/Extension | Lost 4 parts (2u2w) 13703 | -5/Extension | Discovered new exit (range 3) 13937 | -5/Extension | Build established: Scavenger-Gunner 13972 | -5/Extension | Identified exit to Factory 14147 | -5/Extension | Rescued a captive Derelict 14229 | -5/Extension | Repaired Flexi-carbon Leg 14466 | -5/Extension | Build established: Scavenger-Tank 14500 | -5/Extension | Discovered new exit (range 16) 14501 | -5/Extension | Discovered exit to Factory (range 15) 14517 | -5/Extension | Identified exit to Cetus 14662 | -5/Extension | Entered Cetus 14662 | -5/Cetus | Accompanied by 1 ally 14679 | -5/Cetus | Spotted Cetus Guard 14679 | -5/Cetus | Spotted Cetus Guard 14681 | -5/Cetus | Spotted Cetus Guard 14690 | -5/Cetus | Allies destroyed Cetus Guard 14692 | -5/Cetus | Spotted Cetus Guard 14698 | -5/Cetus | Destroyed Cetus Guard 14710 | -5/Cetus | Destroyed Cetus Guard 14721 | -5/Cetus | Destroyed Cetus Guard 14832 | -5/Cetus | Lost 5 parts (2n2u1w) 14923 | -5/Cetus | Discovered new exit (range 15) 14940 | -5/Cetus | Identified exit to Archives 14970 | -5/Cetus | Spotted Cetus Guard 14970 | -5/Cetus | Spotted Cetus Guard 14996 | -5/Cetus | Entered Archives 15116 | -5/Archives | Discovered new exit (range 16) 15132 | -5/Archives | Lost 8 parts (1p1n2u4w) 15145 | -5/Archives | Unable to access archive contents 15160 | -5/Archives | Discovered new exit (range 15) 15177 | -5/Archives | Identified exit to Hub_04(d) 15268 | -5/Archives | Entered Hub_04(d) 15330 | -5/Hub_04(d) | Core integrity fell below 50% 15365 | -5/Hub_04(d) | Build established: Scavenger-Gunner 15405 | -5/Hub_04(d) | Lost 7 parts (1p4n1u1w) 15413 | -5/Hub_04(d) | Discovered exit to Factory (range 15) 15501 | -5/Hub_04(d) | Entered Factory 15501 | -4/Factory | Evolved 2 slots: Power x1, Utility x1 15502 | -4/Factory | Identified exit to Research 15781 | -4/Factory | Build established: Scavenger-Tank 15800 | -4/Factory | Retrieved Zion intel report: Branch Access 15800 | -4/Factory | Identified exit to Upper Caves 15800 | -4/Factory | Identified exit to Armory 15801 | -4/Factory | Zion Heavy squad teleported in 15962 | -4/Factory | Retrieved Zion intel report: Unaware Analyses 16088 | -4/Factory | Identified exit to DSF 16092 | -4/Factory | Entered DSF 16092 | -4/DSF | Accompanied by 2 allies 16141 | -4/DSF | Discovered exit to Research (range 16) 16144 | -4/DSF | Additional patrols routed to DSF 16177 | -4/DSF | Lost 4 parts (1n1u2w) 16454 | -4/DSF | Build established: Messiah-Tank 16458 | -4/DSF | Sterilization system engaged 16468 | -4/DSF | Found Enh. Force Lance 16478 | -4/DSF | Ambient heat levels rising (+10) 16493 | -4/DSF | Ambient heat levels rising (+10) 16508 | -4/DSF | Ambient heat levels rising (+10) 16523 | -4/DSF | Ambient heat levels rising (+10) 16523 | -4/DSF | Lost 3 parts (1p2w) 16525 | -4/DSF | Entered Research 16525 | -3/Research | Evolved 2 slots: Utility x1, Weapon x1 16528 | -3/Research | Loaded intel: 3 garrison access locations 16674 | -3/Research | Lost 5 parts (2n2u1w) 16819 | -3/Research | Lost 5 parts (1p1n3w) 16949 | -3/Research | Build established: Scavenger-Gunner 17283 | -3/Research | Lost 5 parts (2p2n1w) 17826 | -3/Research | Lost 3 parts (1u2w) 17941 | -3/Research | Discovered new exit (range 6) 17956 | -3/Research | Identified exit to Testing 18013 | -3/Research | Discovered new exit (range 6) 18048 | -3/Research | Entered Testing 18109 | -3/Testing | Lost 6 parts (1p2n2u1w) 18338 | -3/Testing | System corruption reached 10% 18682 | -3/Testing | Lost 6 parts (1p2n1u2w) 18702 | -3/Testing | Core integrity fell below 50% 18784 | -3/Testing | Scanned by Researcher 18920 | -3/Testing | Spotted Striker 18924 | -3/Testing | Spotted Striker 18930 | -3/Testing | Spotted Alpha 7 18939 | -3/Testing | Destroyed Striker 18963 | -3/Testing | Destroyed Striker 19012 | -3/Testing | Destroyed Alpha 7 19016 | -3/Testing | Found Prototype Device 19016 | -3/Testing | Identified Exp. ECM Suite 19022 | -3/Testing | Found Prototype Processor 19022 | -3/Testing | Identified Exp. Targeting Computer 19029 | -3/Testing | Lost 17 parts (3p6n4u4w) 19046 | -3/Testing | Stole the SGEMP Prototype 19098 | -3/Testing | Found Fusion Bomb Launcher 19226 | -3/Testing | Core integrity fell below 20% 19226 | -3/Testing | System corruption reached 30% 19252 | -3/Testing | Build established: Scavenger-Mutant 19253 | -3/Testing | Lost 3 parts (1p2n) 19366 | -3/Testing | Lost 3 parts (1p1u1w) 19379 | -3/Testing | Destroyed by H-77 Assassin with High-powered Shotgun Last Messages --------------- Slug penetrates Wall. Penetrated by Slug. K-01 Serf collects debris. U-05 Engineer lays Concrete. K-01 Serf collects debris. Acquired Plasma Rifle. U-05 Engineer lays Concrete. Penetrated by Slug. Slug penetrates Wall. U-05 Engineer lays Concrete. K-01 Serf collects debris. K-01 Serf destroyed. U-05 Engineer lays Concrete. K-01 Serf collects debris. Penetrated by Slug. Slug penetrates Wall. Slug penetrates K-01 Serf. K-01 Serf destroyed. [Achievement: 20k Club] [Achievement: Just Browsing] Map ----- +----------------------------------------------------+ | ????????# #???????# #??# #????????# ? #???? | | ????????# #???????# ####+#####????# "?? #???? | | ????????+ #?????### ## #????# "" "?? #???? | | ????????# ####### # ###### " """ #???? | | ????????# # #^ ^ + "" #???? | | ????????# # #^ ^# " " #???? | | ????????# ####### " " + """ #???? | | ????????# #?????#####; "" #???? | | ????????# ########### # """ #???? | | ????????# # # "" #???? | | ????????# # # # #???? | | ????????# # # # #???? | | ????????# # [ # # #???? | | ????????# # # # ## + #???? | | ?????##?# # # # # ## # #####???? | | ?????? ?# # # # # # ! ##### #???????? | | ???????=# + ## %#=# = # ??????? | | ??????? # ###+######### #####| # ""?????? | | ????????+ # ## u ! # """ ""#????? | | ????????# # """"" " u # """ ""#????? | | ????????# # """"" " # """ T#????? | | ????????# #! """"" S # """ ""#????? | | ????????#[ # "" *# ### """ ""#????? | | ????????#%%/% """"" """# %%k #?# "?" ""#????? | | ????????#[=# [""""" """# !u# #?# ? #????? | | ????????# # """"" ## @=%######??##?#+###?????? | | ????????# # h/h !k!! =%* ?????? ???????? | | ????????# ############ g ???????? | | ????????# #????????## R ?????? | | ????????# #?????????### k c ?????? | | ????????+ #???????????# ###############??????? | | ????????# ####?#?????## R #????????????????????? | | ????????# # ?? #A #????????????????????? | | ????????# # ? # w#????????????????????? | | ????????#^ # ? # #????????????????????? | | #########!=#? # +????????????????????? | | # #?? # #????????????????????? | | """"" # %#??? # #????????????????????? | | ""T"" # # "?" "" # #????????????????????? | | +!*+ "?" """" # #?? ?????????????????? | | """ """ # # """ """ + #?""?????????????????? | | """ """ ## # " # # "??????????????????? | | """ """ ## # # + ???????????????????? | | ## # # #????????????????????? | | ########## # # #????????????????????? | | ??########+########+#### ########?????????????? | | ??# # #?????????????? | | ??# """"" # #?????????????? | | ??# """"" " " # $ ############### | | ??# """"" ""R"" + %%% # | +----------------------------------------------------+ Best States ------------- Heat Dissipation 103 Coolant Potential 80 Energy Generation 57 Energy Capacity 1220 Matter Stores 400 Matter Capacity 400 Sight Range 20 Robot Scan Range 16 Terrain Scan Density 10 ECM Strength 3 Jamming Range 14 Armor Coverage 450 Resistance: KI 20 Resistance: TH 20 Resistance: EX 20 Resistance: EM 45 Resistance: I 20 Resistance: S 20 Resistance: P 20 Weapon Shielding 66 Phase Shifting 5 Evasion (%) 60 Targeting Accuracy 20 Target Analysis 6 Core Analysis 6 Matter Filtering 30 Offensive Hacking 20 Defensive Hacking 10 Authchip Count 2 Item Schematics ----------------- Imp. Medium Laser | -8/Materials | Scanalyzed Adv. Heat Sink | -8/Materials | Scanalyzed Carbon-fiber Leg | -8/Materials | Scanalyzed Combat Drone Bay | -7/Data Miner | Free Lgt. Regenerative Plating | -7/Data Miner | Free Cld. Cesium-ion Thruster | -7/Data Miner | Free Gravity Neutralizer | -7/Data Miner | Free Force Rifle | -7/Data Miner | Free Linear Gravjet | -7/Data Miner | Free Imp. Dynamic Insulation System | -7/Data Miner | Free Lance | -7/Data Miner | Free Adv. Terrain Scanner | -7/Data Miner | Free Matter Neutralizer | -7/Data Miner | Free Lgt. Antimatter Reactor | -6/Factory | Scanalyzed Mass Driver | -6/Zion | Archive Thermic Laser | -6/Zion | Archive Lyr. Medium Armor Plating | -6/Zion | Archive Hyp. Coil Gun | -6/Zion | Archive Fission Core | -6/Zion | Archive Hvy. Shock Bomb Launcher | -6/Zion | Archive Myomer Leg | -6/Zion | Archive Flexi-carbon Leg | -6/Zion | Archive Imp. Thermal Shield | -6/Zion | Archive Antimatter Reactor | -6/Zion | Archive Hvy. Plasma Cannon | -6/Zion | Archive Imp. Shock Absorption System | -6/Zion | Archive Drone Bay | -6/Zion | Archive Imp. Weapon Cycler | -6/Zion | Archive Hvy. Flak Cannon | -6/Zion | Archive Exp. Matter Compressor | -3/Testing | Archive Ionic Axe | -3/Testing | Archive Enh. Coil Gun | -3/Testing | Archive Robot Schematics ------------------ X-67 Chaingunner | -7/Data Miner | Free E-15 Imp | -7/Data Miner | Free W-25 Informer | -7/Data Miner | Free L-41 Fighter | -7/Data Miner | Free M-22 Extractor | -7/Data Miner | Free B-48 Gladiator | -7/Data Miner | Free G-50 Soldier | -6/Zion | Archive G-47 Trooper | -6/Zion | Archive R-06 Scavenger | -3/Testing | Archive M-36 Artificer | -3/Testing | Archive Fabricated ------------ Nothing Alien Tech Used ----------------- None Achievements -------------- 20k Club Adventurer Dangerous Findings Explorer Help From High Places Just Browsing Leap Before You Look No Signal Power Corrupts Remodeling Respectable Loadout The Oracle Total Silence Challenges ------------ None Game ------ Seed TransdimensionalGreatWeb Manual? 0 Play Time 02:46:35 Cumulative 19.0 hours Start 2024.03.18 @ 23:19:00 End 2024.03.19 @ 02:51:10 Sessions 1 Manual Loads 0 Difficulty Adventurer Special Mode None Game No. 10 Rogue 0 Adventurer 10 Explorer 0 Win Type - Total 0 Types 0/0/0/0/0/0/0/0/0 Lore% 18 Gallery% 26 Achievement% 21 Wizard Run 0 Options --------- Layout 1 ASCII 0 Keyboard 1 Movement Vi Keybinds 0 Fullscreen 1 Font 24/Terminus Map View 50x40 Zoom Use 0% Tactical HUD 0 Map Filters NONE Filters NONE Steam 1 RUN: 5a607f47-cd4f-4131-b2a5-b254da51cb20